 Dungeon Crawl Stone Soup version 0.30-a0-364-gf6b3ef1049 (webtiles) character file.

Game seed: 3679134253339416671

12562 iguanaiguana the Destroyer (level 12, 0/104 HPs)
             Began as a Meteoran Fire Elementalist on Nov 16, 2022.
             Was a Believer of Vehumet.
             Engulfed by a cloud of flame (24 damage)
             ... in a Gauntlet.
             The game lasted 01:00:56 (4696 turns).

iguanaiguana the Destroyer (MeFE)                   Turns: 4696, Time: 01:00:56

Health: 0/104      AC: 11    Str:  9    XL:     12   Next: 51%
Magic:  14/22      EV: 13    Int: 23    God:    Vehumet [**....]
Gold:   252        SH:  5    Dex: 15    Spells: 5/23 levels left

rFire   . . .      SeeInvis .    g - +0 staff of Battle
rCold   . . .      Faith    .    A - +0 buckler
rNeg    + + .      Spirit   .    a - +3 troll leather armour
rPois   .          Reflect  .    j - +1 helmet
rElec   .          Harm     .    M - +0 cloak of the Shining Light {rN+ Will+}
rCorr   .          Rampage  .    (no gloves)
Will    ++...      NoTele   +    y - +0 pair of boots
Stlth   +.........               (no amulet)
HPRegen 1.17/turn                N - ring of positive energy
MPRegen 0.18/turn                (no ring)

@: glowing, studying Unarmed Combat
A: sense surroundings 2, otherworldly, glowing, explore regen
a: Renounce Religion


You were in a Gauntlet.
You worshipped Vehumet.
Vehumet was pleased with you.
You visited 2 branches of the dungeon, and saw 13 of its levels.
You also visited: Gauntlet.

You collected 634 gold pieces.
You spent 382 gold pieces at shops.

Inventory:

Hand Weapons
 g - the +0 staff of Battle (weapon)
   (You acquired it on level 6 of the Dungeon)

   It enhances your conjuration magic.
   It summons a battlesphere in combat, with strength depending on Conjurations
   skill.
   Its strikes trigger the battlesphere's blasts.
 u - a +0 rapier
 E - the +7 falchion of the Iron City of Dis {vorpal, *Slow rElec Dex+3}
   (You found it on level 8 of the Dungeon)

   It inflicts extra damage upon your enemies.
   Dex:       It affects your dexterity (+3).
   rElec:     It insulates you from electricity.
   *Slow:     It may slow you when you take damage.
 F - a +1 spear of venom
Missiles
 m - 11 poisoned darts
 z - 5 boomerangs
 I - 2 throwing nets
 Q - 3 datura-tipped darts
Armour
 a - a +3 troll leather armour (worn)
 j - a +1 helmet (worn)
 w - a +2 cloak
 y - a +0 pair of boots (worn)
 A - a +0 buckler (worn)
 B - the +1 robe "Maicvow" {Harm}
   (You found it on level 5 of the Dungeon)

   Harm:      It increases damage dealt and taken.
 D - the +0 kite shield of Loss {rElec rF+ rC+ Int-5}
   (You took it off a gnoll sergeant on level 5 of the Dungeon)

   Int:       It affects your intelligence (-5).
   rF:        It protects you from fire.
   rC:        It protects you from cold.
   rElec:     It insulates you from electricity.
 M - the +0 cloak of the Shining Light (worn) {rN+ Will+}
   (You bought it in a shop on level 4 of the Dungeon)

   rN:        It protects you from negative energy.
   Will:      It increases your willpower.
Magical Staves
 J - a staff of poison
Jewellery
 t - a ring of wizardry
 N - a ring of positive energy (left hand)
 P - an amulet of faith
Wands
 i - a wand of quicksilver (2)
 o - a wand of flame (32)
 O - a wand of charming (2)
 S - a wand of roots (6)
Scrolls
 d - 2 scrolls of magic mapping {@r5}
 e - 4 scrolls of blinking {@r4}
 h - 5 scrolls of teleportation {@r3}
 p - a scroll of fear
 r - 5 scrolls of immolation {unknown}
 s - a scroll of vulnerability {unknown}
 x - a scroll of silence {unknown}
 C - 3 scrolls of butterflies {unknown}
 K - 2 scrolls of enchant weapon {unknown}
 L - 2 scrolls of noise {unknown}
 R - a scroll of summoning {unknown}
 T - a scroll of enchant armour
Potions
 b - a potion of magic
 c - a potion of brilliance
 f - 2 potions of invisibility
 k - 4 potions of mutation
 l - 2 potions of cancellation
 n - a potion of might {@q3}
 q - 6 potions of curing {@q1}
 v - a potion of resistance {unknown}
 G - 2 potions of haste {unknown}
 H - a potion of flight {unknown}


   Skills:
 - Level 9.0 Fighting
 - Level 0.9 Armour
 - Level 6.0 Dodging
 - Level 1.4 Stealth
 - Level 6.0 Shields
 - Level 6.0 Spellcasting
 + Level 10.8 Conjurations
 - Level 4.0 Hexes
 - Level 8.0 Translocations
 + Level 10.8 Fire Magic
 - Level 3.0 Air Magic


You had 5 spell levels left.
You knew the following spells:

 Your Spells              Type           Power      Damage    Failure   Level
a - Foxfire               Conj/Fire      100%       2x1d9     1%          1
b - Scorch                Fire           100%       2d10      1%          2
c - Inner Flame           Hex/Fire       41%        N/A       2%          3
d - Fireball              Conj/Fire      35%        3d15      4%          5
e - Kindle Blastsparks    Fire/Tloc/Air  80%        2d16      2%          3
f - Apportation           Tloc           86%        N/A       1%          1
g - Stone Arrow           Conj/Erth      94%        3d12      4%          3

Your spell library contained the following spells:

 Spells                   Type           Power      Damage    Failure   Level
 Flame Wave               Conj/Fire      71%        2d16      1%          4
 Ignite Poison            Fire/Tmut/Pois 23%        N/A       11%         3
 Cigotuvi's Dreadful Rot  Necr/Pois/Air  22%        N/A       16%         2
 Ozocubu's Armour         Ice            6%         N/A       41%         3
 Alistair's Intoxication  Tmut/Pois      4%         N/A       99%         5
 Starburst                Conj/Fire      35%        6d10      26%         6


Dungeon Overview and Level Annotations

Branches:
Dungeon (13/15) Zot: 2562  Temple (1/1) D:7 Zot: 583 Gauntlet (1/1) Zot: 542
   Lair: D:8-11         Orc: D:9-12      Vaults: D:13-14

Altars:
Ashenzari
Dithmenos
Elyvilon
Fedhas
Gozag
Hepliaklqana
Kikubaaqudgha
Makhleb
Nemelex Xobeh
Qazlal
Ru
Sif Muna
Trog
Uskayaw
Vehumet
Wu Jian
Xom
Yredelemnul
Zin
The Shining One

Shops:
D:4 [   D:5 (   D:7 (

Annotations:
Gauntlet 4 transporters


Innate Abilities, Weirdness & Mutations

You passively map the area around you.
You are easily found by Zot.
You glow in the dark.
You regain HP and MP as you explore.


Message History

Confirm with . or Enter, or press ? or * to list all spells.
Okay, then.
Casting: Stone Arrow (mildly dangerous; 4% risk of failure)
Confirm with . or Enter, or press ? or * to list all spells.
Aiming: Stone Arrow (mildly dangerous; 4% risk of failure)
Press: ? - help, Shift-Dir - straight line, f/p - fire crab
Aim: a fire crab (flame, moderately wounded, 89% to hit)
You feel a surge of power!
The stone arrow hits the fire crab!
The fire crab is heavily wounded.
Your battlesphere fires!
The barrage of energy hits the fire crab!
The fire crab is severely wounded.
The fire crab bites you!
* * * LOW HITPOINT WARNING * * *
You are engulfed in flames!
* * * LOW HITPOINT WARNING * * *
Your battlesphere is engulfed in blazing flames.
Casting: Stone Arrow (mildly dangerous; 4% risk of failure)
Confirm with . or Enter, or press ? or * to list all spells.
Aiming: Stone Arrow (mildly dangerous; 4% risk of failure)
Press: ? - help, Shift-Dir - straight line, f/p - fire crab
Aim: a fire crab (severely wounded, ally target, 89% to hit)
You feel a surge of power!
The stone arrow hits the fire crab.
The fire crab is almost dead.
Your battlesphere fires!
The barrage of energy hits the fire crab.
The fire crab is almost dead.
The fire crab breathes flames at you. The blast of flame engulfs you!
* * * LOW HITPOINT WARNING * * *
Your battlesphere is engulfed in blazing flames.
Casting: Stone Arrow (mildly dangerous; 4% risk of failure)
Confirm with . or Enter, or press ? or * to list all spells.
Aiming: Stone Arrow (mildly dangerous; 4% risk of failure)
Press: ? - help, Shift-Dir - straight line, f/p - fire crab
Aim: a fire crab (flame, almost dead, ally target, 89% to hit)
You feel a surge of power!
The stone arrow hits the fire crab!
You kill the fire crab!
You feel your power returning.
You are engulfed in blazing flames.
You die...

* * ** # ## ## ### ##
≈###≈###≈###≈###≈###≈###
* ~
≈≈#≈≈≈#≈≈≈#≈≈≈#≈≈≈#≈≈≈#≈
........................
#####...#########...####
* ,
,....#.8.#©#.#...#.8.#).#
**
*#.#...##..#.#.#...###.
,, ,
#.#####bb.#.#.######.# ©
#G#*○@####○.#.#©.©#©.#
....#○○○#b....#.#...###.
,*
.####○.○#.####..#...##.#
* ##8©8#.......#8©8#..#
** ######################
,
,.......................
~
≈≈#...8⌠8..8∩8..8⌠8...#≈
* *
≈###.................###
* * * * * ** *##### #


You could see a glowing orange brain, 3 fire bats and a friendly battlesphere.

Vanquished Creatures
  Erolcha (D:9)
  Erica (D:8)
  2 centaur warriors (D:13)
  A boulder beetle (D:13)
  2 two-headed ogres
  A fire crab (Gauntlet)
  Pikel (D:7)
  A cyclops (D:13)
  An eye of devastation (Gauntlet)
  Psyche (D:8)
  The ghost of billz999 the Skirmisher, an amateur GnHu (D:5)
  A troll (D:9)
  A raiju (Gauntlet)
  Grinder (D:6)
  3 slime creatures (D:13)
  A wyvern (D:9)
  2 wraiths (D:13)
  A golden eye (Gauntlet)
  3 yaks (D:10)
  2 steam dragons
  An acid dragon (D:8)
  A water moccasin (D:6)
  6 orc warriors
  3 ice beasts
  A black bear (D:5)
  An ogre (D:5)
  A lemure (D:7)
  3 centaurs
  A phantom (D:5)
  4 bullfrogs
  A necrophage (D:4)
  4 gnoll sergeants
  A kobold brigand (D:9)
  3 scorpions
  5 wights (D:9)
  10 killer bees
  An electric eel (D:10)
  5 howler monkeys
  2 hounds
  4 gnoll boudas
  10 orc priests
  Ijyb (D:5)
  3 iguanas
  12 orc wizards
  14 gnolls
  4 adders
  A shadow imp (D:5)
  2 white imps (D:5)
  3 ufetubi
  3 worms
  3 dart slugs (D:5)
  44 orcs
  2 ball pythons
  4 endoplasms
  4 giant cockroaches
  9 hobgoblins
  2 jackals (D:4)
  5 quokkas
  8 bats
  4 frilled lizards
  8 goblins
  10 kobolds
  5 rats
247 creatures vanquished.

Vanquished Creatures (others)
  464 foxfires
  6 plants (D:5)
470 creatures vanquished.

Grand Total: 717 creatures vanquished

Notes
Turn   | Place    | Note
-------+----------+-------------------------------------------
     0 | D:1      | iguanaiguana the Meteoran Fire Elementalist began the quest
                  | for the Orb.
     0 | D:1      | Reached XP level 1. HP: 14/14 MP: 5/5
    61 | D:1      | Reached XP level 2. HP: 20/20 MP: 4/6
   163 | D:1      | Reached XP level 3. HP: 26/26 MP: 6/8
   277 | D:2      | Learned a level 2 spell: Scorch
   361 | D:2      | Reached XP level 4. HP: 33/33 MP: 9/9
   461 | D:2      | Got the Textbook on Filthy Rime
   661 | D:4      | Found Tuaz's Antique Armour Boutique.
   667 | D:4      | Reached skill level 5 in Fire Magic
   669 | D:4      | Bought a runed robe for 107 gold pieces
   746 | D:4      | HP: 1/33 [orc priest/nerve-wracking pain (12)]
   750 | D:4      | Reached XP level 5. HP: 7/38 MP: 0/10
   947 | D:4      | Noticed a necrophage
   954 | D:4      | Killed a necrophage
   955 | D:4      | Reached XP level 6. HP: 41/45 MP: 4/11
   959 | D:4      | Learned a level 3 spell: Inner Flame
  1085 | D:4      | Reached skill level 1 in Hexes
  1102 | D:5      | Entered Level 5 of the Dungeon
  1102 | D:5      | Noticed an ogre
  1102 | D:5      | Noticed an ice beast
  1168 | D:5      | Killed an ogre
  1169 | D:5      | Reached XP level 7. HP: 50/50 MP: 6/12
  1301 | D:5      | Found Saikh's Weapon Shop.
  1336 | D:5      | Reached skill level 1 in Translocations
  1336 | D:5      | Reached skill level 1 in Air Magic
  1438 | D:5      | Reached XP level 8. HP: 50/57 MP: 8/13
  1535 | D:5      | Found a transporter.
  1537 | D:5      | Found a transporter.
  1540 | D:5      | Noticed Ijyb
  1558 | D:5      | Killed Ijyb
  1604 | D:6      | Identified a scroll of acquirement
  1610 | D:5      | Acquired the +0 staff of Battle
  1610 | D:5      | Found the +0 staff of Battle
  1615 | D:6      | Noticed Grinder
  1626 | D:6      | Reached skill level 1 in Fighting
  1626 | D:6      | Found a shimmering blue altar of Sif Muna.
  1627 | D:6      | Killed Grinder
  1634 | D:6      | Found a sacrificial altar of Ru.
  1636 | D:6      | Found a burning altar of Makhleb.
  1636 | D:6      | Found a shimmering altar of Xom.
  1644 | D:6      | Found a basalt altar of Yredelemnul.
  1668 | D:6      | Reached skill level 5 in Fighting
  1701 | D:5      | Learned a level 3 spell: Kindle Blastsparks
  1710 | D:5      | Identified the +0 kite shield of Loss {rElec rF+ rC+ Int-5}
  1745 | D:5      | Noticed billz999's ghost (amateur GnHu)
  1751 | D:5      | Gained mutation: You passively map the area around you.
                  | [Meteoran growth]
  1751 | D:5      | Reached XP level 9. HP: 49/74 MP: 10/14
  1783 | D:5      | Killed billz999's ghost
  1863 | D:5      | Identified the +1 robe "Maicvow" {Harm}
  1871 | D:5      | Reached skill level 5 in Spellcasting
  2228 | D:7      | Found Axituehu's Antique Weapon Shop.
  2311 | D:7      | Identified the +7 dagger "Gaemo" {freeze, Dex+4}
  2314 | D:7      | Reached XP level 10. HP: 88/88 MP: 14/20
  2343 | D:7      | Noticed Pikel
  2366 | D:7      | Killed Pikel
  2367 | D:7      | Reached skill level 5 in Dodging
  2634 | D:4      | Bought a polished cloak for 275 gold pieces
  2634 | D:4      | Identified the +0 cloak of the Shining Light {rN+ Will+}
                  | (You bought it in a shop on level 4 of the Dungeon)
  3190 | D:5      | Reached skill level 5 in Conjurations
  3303 | D:7      | Found a staircase to the Ecumenical Temple.
  3309 | Temple   | Entered the Ecumenical Temple
  3321 | Temple   | Became a worshipper of Vehumet
  3366 | D:8      | Learned a level 5 spell: Fireball
  3398 | D:9      | Found a white marble altar of Elyvilon.
  3518 | D:9      | Reached * piety under Vehumet
  3518 | D:9      | Offered knowledge of Freeze by Vehumet.
  3579 | D:8      | Noticed a two-headed ogre
  3596 | D:8      | Killed a two-headed ogre
  3597 | D:8      | Reached XP level 11. HP: 72/97 MP: 2/21
  3683 | D:8      | Learned a level 1 spell: Apportation
  3884 | D:8      | Identified the +7 falchion of the Iron City of Dis {vorpal,
                  | *Slow rElec Dex+3}
  3914 | D:8      | Reached skill level 5 in Translocations
  3916 | D:8      | Offered knowledge of Static Discharge by Vehumet.
  3928 | D:8      | Noticed Erica
  3936 | D:8      | Killed Erica
  3936 | D:8      | Reached ** piety under Vehumet
  3980 | D:8      | Noticed Psyche
  3989 | D:8      | Killed Psyche
  4118 | D:9      | Noticed Erolcha
  4121 | D:9      | Killed Erolcha
  4162 | D:9      | Reached skill level 1 in Shields
  4253 | D:10     | Entered Level 10 of the Dungeon
  4313 | D:10     | Noticed a two-headed ogre
  4317 | D:10     | Killed a two-headed ogre
  4333 | D:10     | Reached skill level 5 in Shields
  4448 | D:11     | You fall into a shaft and drop 2 floors!
  4516 | D:13     | Reached XP level 12. HP: 104/104 MP: 12/22
  4524 | D:13     | Noticed a centaur warrior
  4538 | D:13     | Killed a centaur warrior
  4548 | D:13     | Offered knowledge of Stone Arrow by Vehumet.
  4590 | D:13     | Reached skill level 10 in Conjurations
  4603 | D:13     | Found a gate leading to a gauntlet.
  4604 | D:13     | Noticed a centaur warrior
  4608 | D:13     | Killed a centaur warrior
  4609 | D:13     | Reached skill level 10 in Fire Magic
  4613 | D:13     | Noticed a boulder beetle
  4634 | D:13     | Killed a boulder beetle
  4638 | Gauntlet | Entered a Gauntlet
  4638 | Gauntlet | Found a transporter.
  4642 | Gauntlet | Found a transporter.
  4643 | Gauntlet | Found a transporter.
  4650 | Gauntlet | Found a transporter.
  4660 | Gauntlet | Found a transporter.
  4660 | Gauntlet | Found a transporter.
  4668 | Gauntlet | Found a transporter.
  4682 | Gauntlet | Learned a level 3 spell: Stone Arrow
  4684 | Gauntlet | Noticed a fire crab
  4687 | Gauntlet | Found a transporter.
  4687 | Gauntlet | Found a transporter.
  4688 | Gauntlet | Found a transporter.
  4690 | Gauntlet | Noticed a glowing orange brain
  4696 | Gauntlet | Killed a fire crab
  4696 | Gauntlet | Engulfed by a cloud of flame

Illustrated notes

Levels and vault maps discovered:
D:1:      lightli_arrival_maybe_door_vault, layout_rooms, serial_rivers,
          chequers_serial_rivers_micro_b, chequers_serial_rivers_micro_b,
          chequers_serial_rivers_micro_c, chequers_serial_rivers_micro_b,
          chequers_serial_rivers_micro_d
D:2:      layout_rooms, hellmonk_ecumenical_altar_leap_of_faith
D:3:      layout_basic, chequers_serial_rivers_micro_d, minmay_misc_feat_tiny
D:4:      layout_cave_pods, serial_shops, nicolae_diamond_shop
D:5:      layout_basic, gammafunk_ghost_gnarly_gnolls, amcnicky_mini_pool_small,
          kennysheep_small_square, uniq_ijyb
D:6:      layout_rooms, nicolae_overflow_hallway_of_the_gods, uniq_grinder
D:7:      layout_loops_ring, temple_statues, serial_shops, shop, uniq_pikel
D:8:      layout_gridville, uniq_erica, uniq_psyche
D:9:      layout_long_grid, elyvilon_altar_5, uniq_erolcha
D:10:     layout_basic, serial_shops, nicolae_shop_hallway_plus,
          dreamdust_gnoll_shepherd
D:11:     minmay_the_grid_triangle_9x9_line_8_mashed
          [minmay_the_grid_triangle_9x9_odd_lines,
          minmay_the_grid_triangle_9x9_subtriangle,
          minmay_the_grid_triangle_9x9_flanged_cone,
          minmay_the_grid_triangle_9x9_dagger,
          minmay_the_grid_triangle_9x9_fully_insulated_deathbox,
          minmay_the_grid_triangle_9x9_sprig,
          minmay_the_grid_triangle_9x9_thin_v,
          minmay_the_grid_triangle_9x9_prize_top_heavy], layout_basic,
          hellmonk_lair_entry_icy
D:13:     layout_roguey, gauntlet_entry_generic
Temple:   nicolae_temple_x_marks_the_god
Gauntlet: gammafunk_gauntlet_77_escape_option
          [minmay_gauntlet_arena_77_block_sizes,
          minmay_gauntlet_arena_77_tiled_triplets,
          minmay_gauntlet_arena_77_radiant_squares,
          minmay_gauntlet_arena_77_p_blocks,
          minmay_gauntlet_arena_77_broken_ladder, gauntlet_exit_green]

Skill      XL: |  1  2  3  4  5  6  7  8  9 10 11 12 |
---------------+-------------------------------------+-----
Conjurations   | 2 3 8 9 10 | 10.8
Fire Magic     | 4 5 6 8 9 10 | 10.8
Hexes          | 4 |  4.0
Translocations | 1 3 8 |  8.0
Air Magic      | 1 3 |  3.0
Fighting       | 5 7 9 |  9.0
Spellcasting   | 6 |  6.0
Dodging        | 4 6 |  6.0
Shields        | 6 |  6.0
Armour         | |  0.9
Stealth        | |  1.4

Action                   |  1- 3 |  4- 6 |  7- 9 | 10-12 || total
-------------------------+-------+-------+-------+-------++-------
Melee: Unarmed           |     7 |       |       |       ||     7
       Dagger            |     1 |     7 |       |       ||     8
       Rapier            |       |     1 |     4 |       ||     5
       Whip              |       |       |     9 |       ||     9
       Staff             |       |       |    11 |    15 ||    26
Throw: Throwing net      |       |     2 |     1 |     2 ||     5
       Dart              |       |       |     2 |       ||     2
 Cast: Foxfire           |    36 |    39 |    83 |   134 ||   292
       Scorch            |       |     8 |    22 |    52 ||    82
       Inner Flame       |       |     1 |    10 |    24 ||    35
       Kindle Blastspark |       |       |     6 |     8 ||    14
       Fireball          |       |       |       |    15 ||    15
       Apportation       |       |       |       |     5 ||     5
       Stone Arrow       |       |       |       |     4 ||     4
Evoke: Wand              |       |       |       |     6 ||     6
  Use: Scroll            |       |     7 |     3 |     6 ||    16
       Potion            |       |     1 |     1 |       ||     2
 Stab: Held in net/web   |       |       |     1 |       ||     1
Armor: Robe              |    12 |    20 |    40 |    13 ||    85
       Troll leather arm |       |       |       |    33 ||    33
Dodge: Dodged            |    20 |    23 |    57 |    50 ||   150
Block: Buckler           |       |       |       |    14 ||    14

Table legend: (Time is in decaauts)
 A = Elapsed time spent in this place.
 B = Non-inter-level travel time spent in this place.
 C = Inter-level travel time spent in this place.
 D = Time resting spent in this place.
 E = Time spent auto-exploring this place.
 F = Levels seen in this place.
 G = Mean time per level.
                   A        B        C        D        E       F      G
               +--------+--------+--------+--------+--------+-----+--------+
         Total |   4712 |   3981 |    731 |      0 |      0 |  14 |  336.6 |
       Dungeon |   4637 |   3906 |    731 |      0 |      0 |  12 |  386.4 |
        Temple |     16 |     16 |      0 |      0 |      0 |   1 |   16.0 |
      Gauntlet |     57 |     57 |      0 |      0 |      0 |   1 |   57.0 |
               +--------+--------+--------+--------+--------+-----+--------+

Top non-repeatable levels by time:
     D:5: 1064 daAuts
     D:8: 578 daAuts
     D:7: 552 daAuts
     D:4: 528 daAuts
     D:6: 494 daAuts
     D:9: 333 daAuts
     D:2: 251 daAuts
     D:1: 236 daAuts
     D:3: 210 daAuts
    D:13: 189 daAuts
    D:10: 156 daAuts
Gauntlet: 57 daAuts
    D:11: 41 daAuts
  Temple: 16 daAuts
